 Dungeon Crawl Stone Soup version 0.28.0-1-gb440e238dd (webtiles) character file.

Game seed: 6203874041670083448

4337 Eitelfritz the Cleaver (level 10, -11/86 HPs)
             Began as a Hill Orc Fighter on Feb 21, 2022.
             Was a High Priest of Zin.
             Killed from afar by an orc (20 damage)
             ... with an iceblast
             ... on level 7 of the Dungeon.
             The game lasted 00:18:27 (8477 turns).

Eitelfritz the Cleaver (Hill Orc Fighter)           Turns: 8477, Time: 00:18:27

Health: -11/86     AC: 13    Str: 24    XL:     10   Next: 33%
Magic:  14/14      EV:  8    Int:  8    God:    Zin [*****.]
Gold:   1432       SH:  5    Dex: 16    Spells: 9/9 levels left

rFire   . . .      SeeInvis .   a - +4 war axe (vorpal)
rCold   . . .      Faith    .   c - +0 buckler
rNeg    . . .      Spirit   .   n - +0 chain mail
rPois   .          Reflect  .   p - +0 helmet
rElec   +          Harm     .   b - scarf {repulsion}
rCorr   +          Rampage  .   (no gloves)
Will    .....                   e - +0 pair of boots
Stlth   ..........              (no amulet)
HPRegen 0.24/turn               h - +6 ring of dexterity
MPRegen 0.14/turn               D - ring "Qogiwallai" {Fly rElec rCorr}

@: mighty, marked, on recite cooldown, flying, repel missiles
A: no striking features
a: Renounce Religion, Recite, Vitalisation, Imprison, Sanctuary, Donate Gold


You were on level 7 of the Dungeon.
You worshipped Zin.
Zin was extremely pleased with you.
You visited 2 branches of the dungeon, and saw 8 of its levels.
You also visited: Ossuary.

You collected 2035 gold pieces.
You spent 445 gold pieces at shops.
You donated 158 gold pieces to Zin.

Inventory:

Hand Weapons
 a - a +4 vorpal war axe (weapon)
 m - a +1 flail of draining
Missiles
 f - 3 boomerangs
 o - 6 poisoned darts (quivered)
 y - 6 curare-tipped darts
Armour
 b - a scarf of repulsion (worn)
 c - a +0 buckler (worn)
 e - a +0 pair of boots (worn)
 n - a +0 chain mail (worn)
 p - a +0 helmet (worn)
 x - a +0 plate armour
Jewellery
 h - a +6 ring of dexterity (left hand)
 v - a +6 ring of intelligence
 B - a ring of wizardry
 D - the ring "Qogiwallai" (right hand) {Fly rElec rCorr}
   (You bought it in a shop on level 1 of the Dungeon)

   [ring of flight]

   rElec:     It insulates you from electricity.
   Fly:       It grants you flight.
   rCorr:     It protects you from acid and corrosion.
Scrolls
 k - a scroll of summoning
 l - 4 scrolls of teleportation
 r - a scroll of blinking
Potions
 d - a potion of might
 g - 2 potions of curing
 i - 2 potions of mutation
 j - a potion of attraction {unknown}
 q - 3 potions of haste
 s - a potion of cancellation {unknown}
 u - a potion of resistance {unknown}
 w - a potion of brilliance {unknown}
 z - a potion of lignification {unknown}
 C - a potion of invisibility {unknown}


   Skills:
 + Level 7.5 Fighting
 + Level 12.7 Axes
 + Level 1.3 Throwing
 + Level 7.7 Armour
 + Level 1.4 Dodging
 + Level 1.7 Stealth
 + Level 5.4 Shields
 * Level 6.3 Invocations


You had 9 spell levels left.
You didn't know any spells.
Your spell library contained the following spells:

 Spells                   Type           Power      Damage    Failure   Level
 Apportation              Tloc           0%         N/A       98%         1
 Magic Dart               Conj           0%         1d3       98%         1
 Call Imp                 Summ           0%         N/A       99%         2
 Ensorcelled Hibernation  Hex/Ice        0%         N/A       99%         2
 Passwall                 Tmut/Erth      0%         N/A       99%         2
 Scorch                   Fire           0%         2d5       99%         2
 Mephitic Cloud           Conj/Pois/Air  0%         N/A       100%        3
 Swiftness                Air            0%         N/A       100%        3
 Flame Wave               Conj/Fire      0%         2d4       100%        4
 Alistair's Intoxication  Tmut/Pois      0%         N/A       100%        5
 Summon Cactus Giant      Summ           0%         N/A       100%        6


Dungeon Overview and Level Annotations

Branches:
Dungeon (7/15)             Temple (1/1) D:4         Ossuary (visited)

Altars:
Ashenzari
Cheibriados
Dithmenos
Elyvilon
Fedhas
Gozag
Hepliaklqana
Kikubaaqudgha
Makhleb
Nemelex Xobeh
Okawaru
Qazlal
Ru
Sif Muna
Uskayaw
Vehumet
Wu Jian
Yredelemnul
Zin
The Shining One

Shops:
D:1 =   D:3 :

Annotations:
D:4 1 runed translucent door, hitsuchi's ghost, amateur OpTm


Message History

You block the centaur's attack. The centaur completely misses you.
You closely miss the centaur.
The centaur is lightly wounded. "...not to stray from loyalty, lest..."
The shadow imp is limned with silver light.
The shadow imp shouts!
The centaur closely misses the centaur.
The centaur kicks the centaur.
The centaur is lost in a daze.
You slash the centaur!
You kill the centaur!
The centaur looks very confused.
The centaur hits the bullfrog.
The centaur barely misses the bullfrog.
You barely miss the bullfrog.
The bullfrog is lightly wounded. "...they become as damned as the unbelievers."
You finish reciting Apostates 18:43.
The centaur hits the water moccasin.
The centaur barely misses the water moccasin.
The bullfrog hits you but does no damage.
The centaur hits the bullfrog.
The centaur kicks the bullfrog.
You slice the bullfrog!!
You kill the bullfrog!
The shadow imp stops glowing.
The shadow imp shouts, "Decamp, thou craven dizzy-eyed maggot-pie!"
The water moccasin closely misses you.
You slash the water moccasin!
The water moccasin is severely wounded.
An orc comes into view.
It is wielding a +0 whip and carrying a wand of iceblast (8).
The water moccasin bites you.
* * * LOW HITPOINT WARNING * * *
The centaur closely misses the water moccasin.
The centaur barely misses the water moccasin.
You slash the water moccasin!
You kill the water moccasin!
A bullfrog comes into view.
The centaur asks, "Where am I?"
An ogre comes into view. It is wielding a +0 giant club.
You barely miss the orc.
The centaur seems less confused.
The orc zaps a wand.
The mass of ice explodes!
The iceblast engulfs you!!
You die...

c# c# .# .#
###.#
..######.†.#
.?....c5O..#
#######o##).#
#@# #.S.#
##.# ##.#
#..# .. #.##
5#
#########.# .
#....<....#
#.........#
#.........#
###########


You could see an ogre, a centaur, a shadow imp and an orc.

Vanquished Creatures
  Harold (D:7)
  A two-headed ogre (D:5)
  Eustachio (D:6)
  4 water moccasins
  3 sky beasts
  A black bear (D:4)
  An ice beast (D:5)
  3 necrophages
  2 ogres
  The ghost of paps the Skirmisher, an amateur OpFi (D:3)
  A phantom (D:4)
  3 centaurs
  2 bullfrogs (D:7)
  A kobold brigand (D:6)
  4 scorpions
  A water moccasin skeleton (D:4)
  A howler monkey (D:7)
  A centaur zombie (D:5)
  A bullfrog zombie (D:6)
  A gnoll shaman (D:6)
  3 hounds
  Terence (D:2)
  3 iguanas
  3 orc wizards
  3 hound skeletons
  9 mummies
  5 gnolls (D:6)
  9 adders
  A white imp (D:6)
  3 ufetubi
  3 worms
  3 dart slugs
  13 orcs
  6 endoplasms
  5 giant cockroaches
  A gnoll zombie (Ossuary)
  8 goblins
  9 hobgoblins
  3 quokkas
  9 ball pythons
  5 bats
  3 frilled lizards
  3 hobgoblin zombies (Ossuary)
  17 kobolds
  A kobold zombie (Ossuary)
  3 orc zombies (Ossuary)
  6 rats
172 creatures vanquished.

Vanquished Creatures (others)
  6 plants (D:2)
6 creatures vanquished.

Grand Total: 178 creatures vanquished

Notes
Turn   | Place    | Note
-------+----------+-------------------------------------------
     0 | D:1      | Eitelfritz the Hill Orc Fighter began the quest for the
                  | Orb.
     0 | D:1      | Reached XP level 1. HP: 19/19 MP: 1/1
   357 | D:1      | Reached XP level 2. HP: 27/27 MP: 2/2
   424 | D:1      | Reached skill level 3 in Axes
   536 | D:1      | Reached XP level 3. HP: 33/33 MP: 3/3
   638 | D:1      | Found Addyuri's Jewellery Shop.
   657 | D:1      | Found a faded altar of an unknown god.
  1166 | D:2      | Found a stormy altar of Qazlal.
  1172 | D:2      | Noticed Terence
  1379 | D:2      | Killed Terence
  1380 | D:2      | Reached XP level 4. HP: 32/40 MP: 4/4
  1546 | D:2      | Reached skill level 4 in Axes
  2169 | D:3      | Found Unuqos's Book Boutique.
  2360 | D:3      | Noticed a necrophage
  2372 | D:3      | Found a transporter.
  2374 | D:3      | Noticed paps's ghost (amateur OpFi)
  2380 | D:3      | Found a transporter.
  2420 | D:3      | Reached XP level 5. HP: 32/46 MP: 5/5
  2996 | D:4      | Noticed a sky beast
  3010 | D:4      | Killed a sky beast
  3011 | D:4      | Reached skill level 5 in Axes
  3011 | D:4      | Reached XP level 6. HP: 53/53 MP: 6/6
  3077 | D:4      | Found a sand-covered staircase.
  3088 | Ossuary  | Entered an ossuary
  3132 | Ossuary  | Reached skill level 6 in Axes
  3595 | D:4      | Reached skill level 7 in Axes
  3766 | D:4      | Reached XP level 7. HP: 44/60 MP: 7/7
  3980 | D:4      | Reached skill level 5 in Armour
  3980 | D:4      | Reached skill level 1 in Dodging
  4142 | D:4      | Reached skill level 1 in Stealth
  4295 | D:4      | Reached skill level 8 in Axes
  4328 | D:4      | Reached skill level 5 in Fighting
  4524 | D:4      | Reached XP level 8. HP: 68/68 MP: 8/8
  4537 | D:4      | Found a runed translucent door.
  4565 | D:4      | Noticed hitsuchi's ghost (amateur OpTm)
  4580 | D:4      | Reached skill level 9 in Axes
  4918 | D:4      | Found a staircase to the Ecumenical Temple.
  5314 | Temple   | Entered the Ecumenical Temple
  5561 | Temple   | Became a worshipper of Zin the Law-Giver
  5561 | Temple   | Reached * piety under Zin
  5561 | Temple   | Reached ** piety under Zin
  5840 | D:1      | Bought the ring "Qogiwallai" {Fly rElec rCorr} for 445 gold
                  | pieces
  5933 | D:3      | Killed paps's ghost
  5934 | D:3      | Reached skill level 1 in Invocations
  6158 | D:5      | Entered Level 5 of the Dungeon
  6414 | D:5      | Noticed a two-headed ogre
  6585 | D:5      | Reached skill level 10 in Axes
  6595 | D:5      | Reached *** piety under Zin
  6638 | D:5      | Reached XP level 9. HP: 61/75 MP: 9/11
  6794 | D:5      | Reached skill level 1 in Throwing
  7099 | D:5      | Killed a two-headed ogre
  7100 | D:5      | Reached skill level 11 in Axes
  7100 | D:5      | Reached skill level 5 in Shields
  7368 | D:6      | Found a broken altar of Ashenzari.
  7484 | D:6      | Noticed Eustachio
  7506 | D:6      | Killed Eustachio
  7816 | D:6      | Reached **** piety under Zin
  7991 | D:6      | Reached skill level 12 in Axes
  7991 | D:6      | Reached skill level 5 in Invocations
  8421 | D:6      | Identified a scroll of acquirement
  8421 | D:6      | Acquired 1126 gold pieces
  8424 | D:6      | Reached ***** piety under Zin
  8440 | D:7      | Noticed Harold
  8456 | D:7      | Killed Harold
  8457 | D:7      | Reached XP level 10. HP: 9/86 MP: 12/14
  8466 | D:7      | HP: 2/86 [centaur/arrow (4)]
  8477 | D:7      | Killed from afar by an orc

Illustrated notes

Levels and vault maps discovered:
D:1:      onia_arrival_pentagram, layout_basic, serial_shops,
          nicolae_shop_behind_doors, ebering_ecumenical_altar_rust,
          minmay_indecisive_spiral
D:2:      wad_lake_hut, layout_basic, basic_altar, uniq_terence
D:3:      layout_loops_ring, serial_shops, nicolae_shop_advertising_works
          [nicolae_subvault_shop_adworks], gammafunk_ghost_arena, st_stairs_1,
          solitary_fountain
D:4:      minmay_polygon_palace, layout_loops_ring, lemuel_temple_firewalk_a,
          hellmonk_ghost_happy_afterlife, gup_ossuary_entry_pyramid
D:5:      layout_gridville
D:6:      cheibrodos_thug_alley, layout_loops_ring, minmay_misc_feat_rows,
          kennysheep_flooded_box, uniq_eustachio
D:7:      layout_rooms, minmay_bent, uniq_harold
Temple:   mainiacjoe_temple_big_plus

Skill      XL: |  1  2  3  4  5  6  7  8  9 10 |
---------------+-------------------------------+-----
Axes           | 3 4 5 7 8 10 12 | 12.7
Fighting       | 4 5 7 |  7.5
Armour         | 4 5 6 7 |  7.7
Shields        | 4 5 |  5.4
Dodging        | 1 |  1.4
Stealth        | 1 |  1.7
Invocations    | 2 5 6 |  6.3
Throwing       | 1 |  1.3

Action                   |  1- 3 |  4- 6 |  7- 9 | 10-12 || total
-------------------------+-------+-------+-------+-------++-------
Melee: War axe           |    78 |   160 |   262 |    14 ||   514
Throw: Boomerang         |     5 |       |     3 |       ||     8
       Dart              |       |       |     3 |       ||     3
Invok: Recite            |       |       |     2 |     1 ||     3
  Use: Scroll            |       |     3 |    17 |       ||    20
       Potion            |       |       |     8 |     3 ||    11
 Stab: Invisible         |       |       |     2 |       ||     2
Armor: Scale mail        |    39 |    10 |       |       ||    49
       Chain mail        |       |    74 |   114 |     9 ||   197
Dodge: Dodged            |    29 |    43 |    85 |     8 ||   165
       Repelled          |       |       |     1 |       ||     1
Block: Buckler           |    12 |    46 |    68 |     6 ||   132
